 Dungeon Crawl Stone Soup version 0.28-a0-514-g0d7ab7f379 (webtiles) character file.

Game seed: 2550767157458985101

1525 robertstho the Covered (level 9, 0/65 HPs)
             Began as a Djinni Fighter on Sept 22, 2021.
             Was a Priest of Dithmenos.
             Slain by a killer bee (4 damage)
             ... on level 5 of the Dungeon.
             The game lasted 00:05:31 (5425 turns).

robertstho the Covered (Djinni Fighter)             Turns: 5425, Time: 00:05:31

Health: 0/65       AC: 11    Str: 15 (18) XL:     9   Next: 10%
Gold:   233        EV:  7    Int:  6 (9)  God:    Dithmenos [***...] SH:  5 Dex: 12 (14)

rFire   + + .      SeeInvis .   p - +2 falchion (holy)
rCold   x . .      Faith    .   c - +0 buckler
rNeg    + . .      Spirit   .   v - +0 chain mail
rPois   ∞          Reflect  .   (no helmet)
rElec   .          Harm     .   q - scarf {repulsion}
rCorr   .          Rampage  .   u - +0 pair of gloves
Will    .....                   (boots unavailable)
Stlth   ..........              (no amulet)
HPRegen 0.20/turn               m - ring of positive energy
MPRegen 0.00/turn               (no ring)

@: brilliant, attractive, flying, hasted, wreathed by umbra, repel missiles,
very quick
A: sickness immunity, fire resistance 2, cold vulnerability 1, float, innate
caster, hp casting, extra vitality 1
a: Renounce Religion, Shadow Step


You were on level 5 of the Dungeon.
You worshipped Dithmenos.
Dithmenos was most pleased with you.
You visited 1 branch of the dungeon, and saw 5 of its levels.
You also visited: Sewer.

You collected 233 gold pieces.

Inventory:

Hand Weapons
 a - a +0 long sword
 p - a +2 falchion of holy wrath (weapon)
Missiles
 e - 137 stones (quivered)
Armour
 c - a +0 buckler (worn)
 h - a +3 ring mail of positive energy
 q - a scarf of repulsion (worn)
 u - a +0 pair of gloves (worn)
 v - a +0 chain mail (worn)
Jewellery
 m - a ring of positive energy (left hand)
Wands
 l - a wand of digging (7)
Scrolls
 k - 2 scrolls of enchant armour
 n - a scroll of immolation {unknown}
 o - 2 scrolls of fear {unknown}
 s - a scroll of enchant weapon
 t - 2 scrolls of identify
 w - a scroll of blinking
 x - a scroll of holy word {unknown}
Potions
 b - a potion of cancellation
 r - a potion of berserk rage {unknown}


   Skills:
 * Level 5.2 Fighting
 + Level 5.1 Long Blades
 * Level 6.4 Armour
 + Level 3.1 Dodging
 + Level 4.2 Shields
 * Level 3.8 Invocations


You couldn't memorise any spells.
You knew the following spells:

 Your Spells              Type           Power      Damage    Failure   Level
a - Sting                 Tmut/Pois      0%         1d3       100%        1
b - Blink                 Tloc           N/A        N/A       100%        2
c - Passwall              Tmut/Erth      0%         N/A       100%        2
d - Ozocubu's Armour      Ice            0%         N/A       100%        3
Your spell library was empty.


Dungeon Overview and Level Annotations

Branches:
Dungeon (5/15)              Sewer (visited)
 Temple: D:4-7

Altars:
Dithmenos
Sif Muna
Vehumet


Innate Abilities, Weirdness & Mutations

You are immune to sickness and miasma.
You are immune to poison.
Your flesh is very heat resistant. (rF++)
You are vulnerable to cold. (rC-)
You float through the air rather than walking.
You learn spells naturally, not from books.
Your magical power is your life essence.
You have superior vitality. (+4 HP)


Message History

* * * LOW HITPOINT WARNING * * *
You miss the killer bee.
The killer bee is lightly wounded.
The killer bee stings you but does no damage.
You block the killer bee's attack.
You closely miss the killer bee.
The killer bee is lightly wounded.
You block the killer bee's attack. The killer bee closely misses you.
You miss the killer bee.
The killer bee is lightly wounded.
The killer bee stings you but does no damage. x3
You feel better. You block the killer bee's attack.
The killer bee barely misses you.
It was a potion of attraction.
You feel attractive to monsters. The killer bee barely misses you.
The killer bee stings you but does no damage.
You hit the killer bee.
The killer bee is moderately wounded.
You block the killer bee's attack.
The killer bee stings you but does no damage.
You miss the killer bee.
The killer bee is moderately wounded.
The killer bee stings you but does no damage.
You block the killer bee's attack.
It was a potion of degeneration.
There was something very wrong with that liquid.
You feel weakened.
You feel dopey.
You feel clumsy. The killer bee stings you.
* * * LOW HITPOINT WARNING * * *
The killer bee stings you but does no damage.
It was a potion of haste.
You feel yourself speed up. The killer bee stings you.
* * * LOW HITPOINT WARNING * * *
The killer bee stings you!
* * * LOW HITPOINT WARNING * * *
It was a potion of brilliance.
You feel clever all of a sudden. The killer bee stings you.
You die...

#.# .# #.# #.#
#######.# #.#
#.......# #.#
#.####### #.# #.#
#.# #.#########.#
#...........######.#
##########..@y......
#.#######.# #.# #.#
#.# #.# #.# #.


You could see a killer bee.

Vanquished Creatures
  A two-headed ogre (D:5)
  Eustachio (D:5)
  An ogre (D:4)
  A kobold brigand (Sewer)
  A bullfrog (D:4)
  A water moccasin zombie (D:5)
  A scorpion (D:4)
  3 killer bees (D:5)
  3 hounds (D:5)
  A jelly (D:5)
  Jessica (D:3)
  An iguana (D:4)
  3 adders
  2 river rats (Sewer)
  An ufetubus (D:4)
  4 worms
  2 dart slugs
  12 orcs
  7 ball pythons
  7 bats
  3 endoplasms (D:4)
  6 giant cockroaches
  5 goblins
  6 hobgoblins
  5 jackals
  3 quokkas
  A frilled lizard (D:3)
  6 kobolds
  3 rats
92 creatures vanquished.

Notes
Turn   | Place    | Note
-------+----------+-------------------------------------------
     0 | D:1      | robertstho the Djinni Fighter began the quest for the Orb.
     0 | D:1      | Reached XP level 1. HP: 20/20 MP: 0/0
   164 | D:1      | Found a faded altar of an unknown god.
   251 | D:1      | Became a worshipper of Dithmenos the Shadowed
   251 | D:1      | Reached * piety under Dithmenos
   288 | D:1      | Reached XP level 2. HP: 25/25 MP: 0/0
   543 | D:1      | Reached skill level 1 in Dodging
  1125 | D:2      | Reached XP level 3. HP: 29/30 MP: 0/0
  1125 | D:2      | Learned a level 1 spell: Sting
  1646 | D:3      | Reached ** piety under Dithmenos
  1657 | D:3      | Reached XP level 4. HP: 20/35 MP: 0/0
  1737 | D:3      | Reached skill level 1 in Invocations
  1943 | D:3      | Found a glowing drain.
  1961 | Sewer    | Entered a sewer
  1976 | Sewer    | Reached skill level 4 in Armour
  2162 | Sewer    | Noticed a kobold brigand
  2194 | Sewer    | Killed a kobold brigand
  2195 | Sewer    | Reached XP level 5. HP: 25/40 MP: 0/0
  2195 | Sewer    | Learned a level 2 spell: Blink
  2212 | Sewer    | Found a white marble altar of Elyvilon.
  2796 | D:3      | Noticed Jessica
  2803 | D:3      | Killed Jessica
  2804 | D:3      | Reached XP level 6. HP: 40/46 MP: 0/0
  3839 | D:4      | Reached skill level 5 in Armour
  3840 | D:4      | Reached *** piety under Dithmenos
  4077 | D:4      | Noticed an ogre
  4082 | D:4      | Reached XP level 7. HP: 45/50 MP: 0/0
  4082 | D:4      | Learned a level 2 spell: Passwall
  4438 | D:5      | Entered Level 5 of the Dungeon
  4489 | D:5      | Noticed Eustachio
  4530 | D:5      | Killed Eustachio
  4743 | D:5      | Reached XP level 8. HP: 10/58 MP: 0/0
  5039 | D:5      | Noticed a two-headed ogre
  5048 | D:5      | Killed a two-headed ogre
  5049 | D:5      | Reached skill level 6 in Armour
  5281 | D:5      | Reached skill level 5 in Fighting
  5281 | D:5      | Reached XP level 9. HP: 65/65 MP: 0/0
  5281 | D:5      | Learned a level 3 spell: Ozocubu's Armour
  5389 | D:5      | Reached skill level 5 in Long Blades
  5425 | D:5      | Slain by a killer bee

Illustrated notes

Levels and vault maps discovered:
D:1:      dpeg_arrival_tiny_i, layout_rooms,
          hellmonk_ecumenical_altar_heavens_door, kennysheep_doodads
D:2:      layout_loops_ring, kennysheep_generic_room_8
D:3:      layout_basic, general_overflow_altar, cheibrodos_sewer_entry_bend,
          kennysheep_jessica_study
D:4:      minmay_chambers_of_fours, layout_basic, mainiacjoe_overflow_catwalk,
          chequers_serial_rivers_marsh
D:5:      layout_loops_ring, grunt_ministairs_7, uniq_eustachio

Skill      XL: |  1  2  3  4  5  6  7  8  9 |
---------------+----------------------------+-----
Long Blades    | 2 3 4 5 |  5.1
Dodging        | 1 2 3 |  3.1
Invocations    | 1 2 3 |  3.8
Armour         | 4 5 6 |  6.4
Fighting       | 4 5 |  5.2
Shields        | 4 |  4.2

Action                   |  1- 3 |  4- 6 |  7- 9 || total
-------------------------+-------+-------+-------++-------
Melee: Long sword        |   136 |   180 |       ||   316
       Falchion          |       |    10 |   125 ||   135
  Use: Scroll            |     1 |     5 |       ||     6
       Potion            |       |     2 |     8 ||    10
Armor: Scale mail        |    11 |       |       ||    11
       Ring mail         |    62 |    72 |    27 ||   161
       Chain mail        |       |       |    40 ||    40
Dodge: Dodged            |   109 |   128 |    87 ||   324
Block: Buckler           |    39 |    60 |    36 ||   135

Table legend: (Time is in decaauts)
 A = Elapsed time spent in this place.
 B = Non-inter-level travel time spent in this place.
 C = Inter-level travel time spent in this place.
 D = Time resting spent in this place.
 E = Time spent auto-exploring this place.
 F = Levels seen in this place.
 G = Mean time per level.
                   A        B        C        D        E       F      G
               +--------+--------+--------+--------+--------+-----+--------+
         Total |   5532 |   5404 |    128 |    183 |   4192 |   6 |  922.0 |
       Dungeon |   5141 |   5013 |    128 |    183 |   3913 |   5 | 1028.2 |
         Sewer |    391 |    391 |      0 |      0 |    279 |   1 |  391.0 |
               +--------+--------+--------+--------+--------+-----+--------+

Top non-repeatable levels by time:
     D:3: 1386 daAuts
     D:4: 1116 daAuts
     D:5: 998 daAuts
     D:2: 938 daAuts
     D:1: 702 daAuts
   Sewer: 391 daAuts
